 Dungeon Crawl Stone Soup version 0.21-a0-351-g38363bb (webtiles) character file.

2486 Dfrag the Conjurer (level 9, -9/57 HPs)
             Began as a Demonspawn Fire Elementalist on Oct 10, 2017.
             Shot with an arrow by a centaur (18 damage)
             ... on level 7 of the Dungeon.
             The game lasted 00:15:29 (6728 turns).

Dfrag the Conjurer (Demonspawn Fire Elementalist)   Turns: 6728, Time: 00:15:29

Health: -9/57      AC:  7    Str:  9    XL:     9   Next: 27%
Magic:  19/19      EV: 12    Int: 20    God:
Gold:   468        SH:  0    Dex: 13    Spells: 8/21 levels left

rFire    + . .     SeeInvis .   M - +1 long sword (elec)
rCold    x . .     Gourm    .   (no shield)
rNeg     . . .     Faith    .   a - +0 robe
rPois    .         Spirit   .   (no helmet)
rElec    .         Reflect  .   (no cloak)
rCorr    .         Harm     .   t - +0 pair of gloves
MR       .....                  (no boots)
Stlth    +++.......             (no amulet)
HPRegen  0.19/turn              n - ring of fire
MPRegen  0.16/turn              r - ring of wizardry

@: about to teleport, drained
A: iridescent scales 2, nightstalker 1, powered by death 1
a: no special abilities


You were on level 7 of the Dungeon.
You were not hungry.

You visited 2 branches of the dungeon, and saw 8 of its levels.
You also visited: Sewer.

You collected 468 gold pieces.

Inventory:

Hand Weapons
 M - a +1 long sword of electrocution (weapon)
Armour
 a - a +0 robe (worn)
 t - a +0 pair of gloves (worn)
Jewellery
 n - a ring of fire (left hand)
 r - a ring of wizardry (right hand)
 y - a +3 ring of dexterity
 z - an uncursed ring of protection from cold
Wands
 J - a wand of lightning (8/15)
Scrolls
 d - 3 scrolls of random uselessness
 e - 3 scrolls of remove curse
 f - 4 scrolls of teleportation
 h - 6 scrolls of recharging
 i - a scroll of blinking {unknown}
 j - a scroll of amnesia {unknown}
 u - 2 scrolls of enchant armour
 w - a scroll of fear {unknown}
 C - a scroll of fog {unknown}
 E - 2 scrolls of magic mapping {unknown}
 G - 2 scrolls of immolation {unknown}
 H - a scroll of enchant weapon {unknown}
Potions
 l - a potion of resistance
 m - 3 potions of curing
 o - a potion of might
 s - a potion of haste {unknown}
 v - 4 potions of brilliance
 x - a potion of invisibility {unknown}
 A - 2 potions of heal wounds {unknown}
 B - a potion of degeneration
 L - a potion of magic {unknown}
Books
 b - a book of Flames

   Spells                             Type                      Level
   a - Flame Tongue                   Conjuration/Fire             1
   b - Throw Flame                    Conjuration/Fire             2
   c - Conjure Flame                  Conjuration/Fire             3
   d - Inner Flame                    Hexes/Fire                   3
   e - Sticky Flame                   Conjuration/Fire             4
   f - Fireball                       Conjuration/Fire             5
 g - a book of Conjurations

   Spells                             Type                      Level
   a - Magic Dart                     Conjuration                  1
   b - Searing Ray                    Conjuration                  2
   c - Dazzling Spray                 Conjuration/Hexes            3
   d - Fulminant Prism                Conjuration/Hexes            4
   e - Force Lance                    Conjuration/Translocation    4
   f - Iskenderun's Mystic Blast      Conjuration                  4
 N - a book of Misfortune

   Spells                             Type                      Level
   a - Confusing Touch                Hexes                        1
   b - Confuse                        Hexes                        3
   c - Gell's Gravitas                Translocation                3
   d - Petrify                        Transmutation/Earth          4
   e - Metabolic Englaciation         Hexes/Ice                    5
   f - Yara's Violent Unravelling     Hexes/Transmutation          5
 O - Vehumet's Grimoire of Attacks
   (You found it on level 6 of the Dungeon)

   Spells                             Type                      Level
   a - Flame Tongue                   Conjuration/Fire             1
   b - Throw Flame                    Conjuration/Fire             2
   c - Bolt of Cold                   Conjuration/Ice              6
   d - Bolt of Fire                   Conjuration/Fire             6
Comestibles
 c - 8 bread rations
 k - 6 fruits
 p - 2 royal jellies
 q - 2 meat rations


   Skills:
 - Level 1.7(1.3) Dodging
 - Level 1.7(1.3) Stealth
 + Level 6.9(6.4) Spellcasting
 + Level 7.3(6.7) Conjurations
 + Level 7.2(6.6) Fire Magic


You had 8 spell levels left.
You knew the following spells:

 Your Spells              Type           Power        Failure   Level  Hunger
a - Flame Tongue          Conj/Fire      #####        1%          1    None
b - Conjure Flame         Conj/Fire      #####...     1%          3    ##.....
c - Sticky Flame          Conj/Fire      #####...     2%          4    ####...
d - Fireball              Conj/Fire      #####.....   7%          5    #####..


Dungeon Overview and Level Annotations

Branches:
Dungeon (7/15)             Temple (1/1) D:6

Altars:
Ashenzari
Cheibriados
Dithmenos
Elyvilon
Fedhas
Gozag
Hepliaklqana
Kikubaaqudgha
Nemelex Xobeh
Okawaru
Qazlal
Ru
Sif Muna
Trog
Uskayaw
Wu Jian
Xom
Yredelemnul
Zin
The Shining One

Annotations:
D:5 FoghornLeghorn's ghost, novice MfSk


Innate Abilities, Weirdness & Mutations

You are mostly covered in iridescent scales. (AC +4)
You are slightly more attuned to the shadows.
You regenerate a little health from kills.


Message History

The freed slave hits the wight.
Found a chain mail.
The freed slave hits the wight. x2
The wight is destroyed!
The freed slave hits the wight.
The worker ant bites you.
* * * LOW HITPOINT WARNING * * *
Unknown command.
A kobold and a big kobold come into view.
The centaur wields a shortbow.
The centaur shoots an arrow.
The arrow closely misses you.
The big kobold shouts!
The kobold shouts!
A centaur comes into view. It is wielding a shortbow.
You hear a howl!
You hear a shout! x3
The centaur shoots an arrow.
The arrow hits you.
* * * LOW HITPOINT WARNING * * *
You see here an arrow.
As you read the scroll of teleportation, it crumbles to dust.
You feel strangely unstable. The worker ant barely misses you.
The centaur shoots an arrow.
The arrow hits you!!
You die...

........#.....)#
.........#..<..#
.........#..p..#
.........#.....#
....(.....z....#
.......z......#..
......zh......#...
.###..a######.....
...[..@# ....
...###......# ...
.. ...c...# ..
..K......
#.....K..#
#........#
.h........


You could see a black bear, a big kobold, a centaur, a howler monkey, a worker
ant, 2 wights and a kobold.

Vanquished Creatures
  Pikel (D:6)
  The ghost of dolemite99 the Skirmisher, a novice GnAK of Lugonu (D:6)
  Grinder (D:5)
  Edmund (D:4)
  A water moccasin (D:5)
  Duvessa (D:5)
  An ice beast (D:6)
  A slave (D:6)
  3 ogres
  Blork the orc (D:6)
  Dowan (D:5)
  A scorpion (D:5)
  A crimson imp (D:6)
  A centaur zombie (D:5)
  A bullfrog zombie (D:6)
  2 jellies
  2 orc wizards (D:5)
  A gnoll shaman (D:6)
  An iguana (D:4)
  4 worker ants
  A killer bee zombie (D:6)
  7 adders
  4 gnolls (D:6)
  10 river rats
  A dart slug (D:1)
  7 leopard geckos
  9 orcs
  9 bats
  4 giant cockroaches
  10 hobgoblins
  11 jackals
  5 quokkas
  5 ball pythons
  9 frilled lizards
  A giant cockroach zombie (D:5)
  6 goblins
  16 kobolds
  A leopard gecko zombie (D:5)
  18 rats
  2 plants (Sewer)
163 creatures vanquished.

Vanquished Creatures (others)
  A wight (D:7)
  A leopard gecko (D:7)
2 creatures vanquished.

Grand Total: 165 creatures vanquished

Notes
Turn   | Place    | Note
-------+----------+-------------------------------------------
     0 | D:1      | Dfrag the Demonspawn Fire Elementalist began the quest for the Orb.
     0 | D:1      | Reached XP level 1. HP: 13/13 MP: 3/3
    97 | D:1      | Gained mutation: You regenerate a little health from kills. [demonic ancestry]
    97 | D:1      | Reached XP level 2. HP: 7/19 MP: 1/5
   759 | D:2      | Reached XP level 3. HP: 18/24 MP: 2/6
  1372 | D:3      | Gained mutation: You are slightly more attuned to the shadows. [demonic ancestry]
  1372 | D:3      | Reached XP level 4. HP: 13/30 MP: 0/8
  1611 | D:3      | Found a hide-covered altar of Uskayaw.
  1618 | D:3      | Found a bloodstained altar of Trog.
  2329 | D:4      | Learned a level 3 spell: Conjure Flame
  2334 | D:4      | Learned a level 4 spell: Sticky Flame
  2512 | D:4      | Noticed an ogre
  2529 | D:4      | Killed an ogre
  2529 | D:4      | Reached XP level 5. HP: 32/35 MP: 0/10
  2825 | D:4      | You fall through a shaft!
  2825 | D:5      | Entered Level 5 of the Dungeon
  2827 | D:5      | Noticed FoghornLeghorn's ghost (novice MfSk)
  3357 | D:5      | Noticed Edmund
  3367 | D:4      | Reached XP level 6. HP: 20/41 MP: 6/11
  3393 | D:4      | Killed Edmund
  3618 | D:5      | Noticed Grinder
  3628 | D:5      | Killed Grinder
  3628 | D:5      | Reached skill level 5 in Fire Magic
  3628 | D:5      | Reached XP level 7. HP: 34/46 MP: 5/13
  4034 | D:5      | Reached skill level 5 in Spellcasting
  4034 | D:5      | Reached skill level 5 in Conjurations
  4118 | D:5      | Noticed Duvessa
  4119 | D:5      | Noticed Dowan
  4135 | D:5      | Killed Duvessa
  4135 | D:5      | Gained mutation: You are partially covered in iridescent scales. (AC +2) [demonic ancestry]
  4135 | D:5      | Reached XP level 8. HP: 29/52 MP: 3/15
  4138 | D:5      | Killed Dowan
  5239 | D:6      | Found a staircase to the Ecumenical Temple.
  5250 | D:6      | Found a blossoming altar of Fedhas.
  5373 | D:6      | Noticed Blork the orc
  5381 | D:6      | Killed Blork the orc
  5424 | D:6      | Noticed dolemite99's ghost (novice GnAK)
  5427 | D:6      | Identified Vehumet's Grimoire of Attacks
  5606 | D:6      | Found a glowing drain.
  5615 | Sewer    | Entered a sewer
  5759 | Sewer    | Learned a level 5 spell: Fireball
  6257 | Temple   | Entered the Ecumenical Temple
  6453 | D:6      | Killed dolemite99's ghost
  6453 | D:6      | Gained mutation: You are mostly covered in iridescent scales. (AC +4) [demonic ancestry]
  6453 | D:6      | Reached XP level 9. HP: 34/57 MP: 18/18
  6534 | D:7      | Noticed Pikel
  6545 | D:6      | Killed Pikel
  6728 | D:7      | Shot with an arrow by a centaur

Vault maps used:
D:1:      dpeg_arrival_stonehenge_8_columns, minmay_misc_feat_x
D:2:      minmay_distorted
D:3:      minitemple, fountainhead
D:4:      corexii_shack_village, first_bread, due_unseen_surprise
D:5:      dk_rats_in_the_wall, uniq_grinder, uniq_edmund, uniq_duvessa
D:6:      fedhas_altar_2, minmay_temple_entry_grid, gup_sewer_entry_bubbles,
          serial_park_tiny_1, uniq_blork_the_orc
D:7:      vehumet_crystals, bloody_makhleb, uniq_pikel, uniq_crazy_yiuf_cottage
Temple:   minmay_temple_bridge_d
Sewer:    sewer_co_scattered_pipes

Skill      XL: |  1  2  3  4  5  6  7  8  9 |
---------------+----------------------------+-----
Fire Magic     | 3 4 5 6 7 |  7.2
Conjurations   | 2 3 4 5 6 7 |  7.3
Spellcasting   | 3 4 5 6 |  6.9
Dodging        | |  1.7
Stealth        | |  1.7

Action                   |  1- 3 |  4- 6 |  7- 9 || total
-------------------------+-------+-------+-------++-------
Melee: Unarmed           |    15 |       |       ||    15
       Mace              |     4 |    47 |    53 ||   104
       Dire flail        |       |       |    54 ||    54
       Long sword        |       |       |    52 ||    52
 Cast: Flame Tongue      |    65 |    48 |   101 ||   214
       Sticky Flame      |       |    11 |    21 ||    32
       Fireball          |       |       |     1 ||     1
  Use: Potion            |       |       |     7 ||     7
       Scroll            |       |       |     7 ||     7
 Stab: Sleeping          |       |     1 |     1 ||     2
  Eat: Chunk             |     2 |     7 |    14 ||    23
       Fruit             |       |       |     2 ||     2
Armor: Robe              |    16 |    19 |    48 ||    83
       Skin              |       |       |    26 ||    26
       Chain mail        |       |       |    16 ||    16
Dodge: Dodged            |    49 |    46 |   172 ||   267
       Rpst.: Long sword |       |       |    14 ||    14

Table legend:
 A = Spawn XP
 B = Non-spawn XP
 C = Spawn XP percentage of total XP
 D = Spawn monster count
 E = Non-spawn monster count
 F = Spawn count percentage of total count
 G = Total turns spent on level
                    A         B        C        D         E        F      G
               +---------+---------+-------+---------+---------+-------+---------
         Total |       0 |    3552 |   0.0 |       0 |     160 |   0.0 |  6728
               +---------+---------+-------+---------+---------+-------+---------
           D:1 |       0 |      32 |   0.0 |       0 |      18 |   0.0 |   689
           D:2 |       0 |      41 |   0.0 |       0 |      18 |   0.0 |   566
           D:3 |       0 |      50 |   0.0 |       0 |      20 |   0.0 |  1020
           D:4 |       0 |     451 |   0.0 |       0 |      21 |   0.0 |  1647
           D:5 |       0 |    1105 |   0.0 |       0 |      34 |   0.0 |  1404
           D:6 |       0 |    1827 |   0.0 |       0 |      28 |   0.0 |   748
        Temple |       0 |       6 |   0.0 |       0 |       3 |   0.0 |   179
         Sewer |       0 |      40 |   0.0 |       0 |      18 |   0.0 |   456
               +---------+---------+-------+---------+---------+-------+---------
